 Dungeon Crawl Stone Soup version 0.20-a0-927-g1ae2c61 (webtiles) character file.

6829 4thArraOfDagon the Chopper (level 10, -1/74 HPs)
             Began as a Mummy Artificer on Mar 29, 2017.
             Was a High Priest of Okawaru.
             Slain by a hell rat (8 damage)
             ... on level 12 of the Dungeon.
             The game lasted 00:26:40 (6077 turns).

4thArraOfDagon the Chopper (Mummy Artificer)        Turns: 6077, Time: 00:26:41

Health: -1/74      AC: 11    Str: 15    XL:     10   Next: 77%
Magic:  12/15      EV: 17    Int: 16    God:    Okawaru [*****.]
Gold:   163        SH:  0    Dex: 14    Spells: 9/9 levels left

rFire    x . .     SeeInvis .   w - +5 battleaxe
rCold    + . .     Gourm    .   (shield currently unavailable)
rNeg     + + +     Faith    .   s - +0 acid dragon scales
rPois    ∞         Spirit   .   (no helmet)
rElec    .         Reflect  .   (no cloak)
rCorr    +         Harm     .   (no gloves)
MR       +....                  n - +1 pair of boots
Stlth    +++.......             A - amulet of magic regeneration
Regen    0.3/turn               i - +1 ring of protection
MPRegen  0.3/turn               G - +3 ring of intelligence

@: heroism, finesse
A: no food or potions, fire vulnerability, cold resistance 1, negative energy
resistance 3, torment resistance, unbreathing
a: Heroism, Finesse, Renounce Religion


You were on level 12 of the Dungeon.
You worshipped Okawaru.
Okawaru was extremely pleased with you.
You were not hungry.

You visited 2 branches of the dungeon, and saw 13 of its levels.

You collected 508 gold pieces.
You spent 345 gold pieces at shops.

Inventory:

Hand Weapons
 a - a +0 short sword
 j - a +0 spear
 m - a +1 flail
 t - a +0 halberd of venom
 w - a +5 battleaxe (weapon)
Missiles
 M - 9 poisoned tomahawks (quivered)
Armour
 b - a +0 leather armour
 h - a +0 ring mail
 l - a -1 scale mail
 n - a +1 pair of boots (worn)
 s - +0 acid dragon scales (worn)
 B - the +0 scale mail "Iwis" {rElec rN++ rCorr Dex-5}
   (You bought it in a shop on level 6 of the Dungeon)

   It affects your dexterity (-5).
   It insulates you from electricity.
   It greatly protects you from negative energy.
   It protects you from acid and corrosion.
 F - a +0 plate armour
 N - a -2 ring mail
Magical Staves
 H - an uncursed staff of air {unknown}
Jewellery
 i - a +1 ring of protection (left hand)
 u - an uncursed ring of ice
 A - an amulet of magic regeneration (around neck)
 D - an uncursed ring of stealth
 G - a +3 ring of intelligence (right hand)
Wands
 c - a wand of flame (0/48)
 d - a wand of enslavement (7/24)
 e - a wand of random effects (4/48)
 f - a wand of iceblast (4/15)
 p - a wand of flame (3/48)
 r - a wand of paralysis (0/24)
 v - a wand of enslavement (6/24)
 x - a wand of polymorph (0/24)
 C - a wand of acid (9/15)
 E - a wand of lightning (9/15)
 I - a wand of paralysis (0/24)
Scrolls
 g - a scroll of random uselessness
 o - a scroll of recharging
 q - 2 scrolls of magic mapping
 y - a scroll of amnesia
 z - a scroll of silence
 J - a scroll of teleportation
Books
 k - a book of Necromancy

   Spells                             Type                      Level
   a - Pain                           Necromancy                   1
   b - Animate Skeleton               Necromancy                   1
   c - Vampiric Draining              Necromancy                   3
   d - Regeneration                   Charms/Necromancy            3
   e - Animate Dead                   Necromancy                   4
   f - Control Undead                 Necromancy                   4
 L - a book of Enchantments

   Spells                             Type                      Level
   a - Cause Fear                     Hexes                        4
   b - Yara's Violent Unravelling     Hexes/Transmutation          5
   c - Silence                        Hexes/Air                    5
   d - Deflect Missiles               Charms/Air                   6
   e - Discord                        Hexes                        8


   Skills:
 - Level 5.2(10.2) Fighting
 - Level 0.7(5.7) Short Blades
 * Level 7.4(13.2) Axes
 - Level 5.3(12.2) Maces & Flails
 + Level 4.0(9.0) Armour
 + Level 4.5(9.5) Dodging
 - Level 0.7(5.7) Stealth
 + Level 6.8 Invocations
 - Level 4.1 Evocations


You had 9 spell levels left.
You didn't know any spells.

Dungeon Overview and Level Annotations

Branches:
Dungeon (12/15)            Temple (1/1) D:7             Orc (0/2) D:10
   Lair: D:8-11

Altars:
Ashenzari
Cheibriados
Dithmenos
Elyvilon
Fedhas
Gozag
Hepliaklqana
Makhleb
Nemelex Xobeh
Okawaru
Qazlal
Ru
Trog
Uskayaw
Wu Jian
Xom
Yredelemnul
Zin
The Shining One

Shops:
D:6 *[%**   D:7 :

Annotations:
D:3 Paps's ghost, amateur MiFi
D:11 Erica


Innate Abilities, Weirdness & Mutations

You do not eat or drink.
Your flesh is vulnerable to fire.
You are immune to poison.
Your flesh is cold resistant. (rC+)
You are immune to negative energy. (rN+++)
You are immune to unholy pain and torment.
You can survive without breathing.


Message History

The hell rat is severely wounded.
You hit the orc. The hell rat closely misses you.
You barely miss the hell rat.
The hell rat is severely wounded.
You barely miss the orc. The orc hits you but does no damage.
The hell rat bites you.
* * * LOW HITPOINT WARNING * * *
Unknown command.
The orc barely misses you.
Unknown command.
You completely miss the hell rat.
The hell rat is severely wounded.
You slice the orc!!
You kill the orc!
Okawaru accepts your kill.
Unknown command.
The hell rat bites you!
* * * LOW HITPOINT WARNING * * *
The hell rat bites you!
You die...

.. ... ♣. .♣ ♣♣♣ ##...
.♣♣♣♣.♣♣♣♣.♣.♣ ......
P.♣.♣≈♣P.♣♣.♣♣#......
♣##♣.P♣♣§§♣...C..#......
.....##......C##........
...............)........
..............#r@.......
..............#.........
..............#..##'#...
...##.........#<.# .+ ...
...###........#..####....
#### #........#..........
# ##+###...##.######.# #
#..........# ############


You could see a cyclops and a hell rat.

Vanquished Creatures
  Erolcha (D:10)
  2 ugly things (D:12)
  A manticore (D:12)
  Joseph (D:7)
  A komodo dragon (D:12)
  A shadow (D:11)
  6 yaks (D:11)
  A hog (D:12)
  2 hungry ghosts
  Menkaure (D:6)
  An acid dragon (D:12)
  An orc warrior (D:10)
  2 sky beasts
  An ice beast (D:10)
  A necrophage (D:7)
  3 ogres
  2 phantoms
  A big kobold (D:10)
  2 bullfrogs
  2 jellies
  A wyvern skeleton (D:10)
  A scorpion (D:4)
  3 killer bees (D:10)
  5 wights (D:3)
  4 howler monkeys
  3 crimson imps
  A centaur zombie (D:6)
  A quasit (D:7)
  2 gnoll shamans
  3 orc wizards
  2 orc priests
  2 hounds
  An iguana (D:12)
  3 bullfrog skeletons
  A centaur skeleton (D:6)
  A hell rat (D:12)
  5 worker ants
  A hound zombie (D:7)
  A hound skeleton (D:4)
  A howler monkey zombie (D:9)
  7 adders
  11 gnolls
  A shadow imp (D:6)
  An adder skeleton (D:4)
  3 worms
  A dart slug (D:3)
  3 leopard geckos
  19 orcs
  A ball python (D:3)
  3 bats
  5 giant cockroaches
  7 goblins
  6 hobgoblins
  5 quokkas
  6 frilled lizards
  6 kobolds
  A leopard gecko zombie (D:7)
  A quokka zombie (D:7)
  3 rats
165 creatures vanquished.

Vanquished Creatures (collateral kills)
  A sky beast (D:7)
  A giant cockroach (D:5)
  4 jackals (D:5)
6 creatures vanquished.

Vanquished Creatures (others)
  An ice beast (D:5)
  A howler monkey (D:5)
  9 plants (D:12)
11 creatures vanquished.

Grand Total: 182 creatures vanquished

Notes
Turn   | Place    | Note
-------+----------+-------------------------------------------
     0 | D:1      | 4thArraOfDagon the Mummy Artificer began the quest for the Orb.
     0 | D:1      | Reached XP level 1. HP: 15/15 MP: 2/2
   402 | D:4      | Noticed an ogre
   403 | D:4      | Noticed an ogre
   422 | D:3      | Reached XP level 2. HP: 16/22 MP: 4/4
   504 | D:5      | Entered Level 5 of the Dungeon
   518 | D:5      | Reached XP level 3. HP: 22/27 MP: 5/5
   536 | D:5      | Reached XP level 4. HP: 23/34 MP: 6/6
   577 | D:5      | Reached skill level 1 in Maces & Flails
   639 | D:5      | Noticed an ogre
   659 | D:5      | Noticed an ice beast
   771 | D:6      | Reached XP level 5. HP: 17/39 MP: 7/7
   786 | D:6      | Found Daacruewiu's Assorted Antiques.
   798 | D:6      | Found Ymal's Antique Armour Emporium.
  1070 | D:7      | Noticed an ogre
  1070 | D:7      | Noticed an ice beast
  1132 | D:6      | Noticed Menkaure
  1182 | D:7      | Found a staircase to the Ecumenical Temple.
  1201 | Temple   | Entered the Ecumenical Temple
  1257 | Temple   | Became a worshipper of Warmaster Okawaru
  1341 | D:7      | Noticed a hungry ghost
  1366 | D:7      | Killed a hungry ghost
  1366 | D:7      | Reached skill level 1 in Invocations
  1366 | D:7      | Reached XP level 6. HP: 37/47 MP: 9/9
  1407 | D:7      | Reached * piety under Okawaru
  1525 | D:7      | Noticed a sky beast
  1565 | D:7      | Killed a sky beast
  1565 | D:7      | Reached XP level 7. HP: 42/53 MP: 10/10
  1608 | D:7      | Found Kaumyla's Book Emporium.
  1782 | D:6      | Killed Menkaure
  1941 | D:4      | Reached ** piety under Okawaru
  2139 | D:4      | Reached XP level 8. HP: 48/61 MP: 11/11
  2333 | D:3      | Noticed Paps's ghost (amateur MiFi)
  2821 | D:3      | Reached skill level 5 in Maces & Flails
  2827 | D:3      | Reached skill level 5 in Fighting
  3662 | D:6      | Found Giny's Assorted Antiques.
  3666 | D:6      | Found Teni's Assorted Antiques.
  3677 | D:6      | Reached skill level 1 in Axes
  3681 | D:6      | Found Nunn's Food Shoppe.
  3946 | D:6      | Bought a scroll labeled PAKUSO LAISUO for 20 gold pieces
  3946 | D:6      | Bought a twisted cabochon amulet for 100 gold pieces
  3954 | D:6      | Bought a twisted scale mail for 225 gold pieces
  3968 | D:6      | Identified the cursed +0 scale mail "Iwis" {rElec rN++ rCorr Dex-5} (You bought it in a shop on level 6 of the Dungeon)
  3968 | D:6      | :(
  4017 | D:7      | Noticed Joseph
  4042 | D:7      | Killed Joseph
  4042 | D:7      | Reached *** piety under Okawaru
  4042 | D:7      | Reached skill level 3 in Axes
  4124 | D:8      | Noticed an angel
  4126 | D:8      | Found a shimmering altar of Xom.
  4127 | D:8      | Found a glowing silver altar of Zin.
  4144 | D:8      | Reached XP level 9. HP: 53/68 MP: 12/12
  4184 | D:8      | Reached skill level 4 in Axes
  4188 | D:8      | Found a blossoming altar of Fedhas.
  4195 | D:8      | Found a snail-covered altar of Cheibriados.
  4202 | D:8      | Found a sparkling altar of Nemelex Xobeh.
  4209 | D:8      | Found a white marble altar of Elyvilon.
  4214 | D:8      | Found an ornate altar of the Wu Jian Council.
  4221 | D:8      | Found an opulent altar of Gozag.
  4226 | D:8      | Found a glowing golden altar of the Shining One.
  4451 | D:9      | Reached skill level 1 in Armour
  4464 | D:9      | Reached skill level 5 in Invocations
  4588 | D:10     | Entered Level 10 of the Dungeon
  4609 | D:10     | Noticed Erolcha
  4619 | D:10     | Killed Erolcha
  4619 | D:10     | Reached **** piety under Okawaru
  4619 | D:10     | Reached skill level 5 in Axes
  4903 | D:10     | Reached XP level 10. HP: 56/74 MP: 14/14
  4924 | D:10     | Reached skill level 6 in Axes
  5052 | D:10     | Found a staircase to the Orcish Mines.
  5053 | D:10     | Found a sparkling altar of Nemelex Xobeh.
  5165 | D:11     | Noticed a cyclops
  5362 | D:12     | Noticed a cyan ugly thing
  5369 | D:12     | Killed a cyan ugly thing
  5369 | D:12     | Reached ***** piety under Okawaru
  5413 | D:12     | Noticed a purple ugly thing
  5424 | D:12     | Killed a purple ugly thing
  5458 | D:12     | Noticed a manticore
  5467 | D:12     | Killed a manticore
  5623 | D:11     | Reached skill level 7 in Axes
  5628 | D:11     | Received a gift from Okawaru
  5861 | D:11     | Noticed Erica
  6055 | D:12     | Noticed a cyclops
  6077 | D:12     | Slain by a hell rat

Vault maps used:
D:1:      dpeg_arrival_another_circle, kennysheep_pointless_box
D:2:      first_bread
D:3:      chequers_ecumenical_altar_grove
D:4:      serial_shops, shop, minmay_misc_feat_hallway, serial_bayou_pond_e
D:5:      gup_sewer_entry_bubbles, uniq_blork_the_orc
D:6:      serial_shops, shop, nicolae_shop_stone, shop_coins,
          nicolae_shop_statue_plus, shop, item_on_display_a, uniq_menkaure
D:7:      minmay_temple_entry_statues, serial_shops, nicolae_shop_stone,
          uniq_joseph
D:8:      grunt_temple_overflow_order_and_chaos_1,
          grunt_temple_overflow_magic_moments, grunt_temple_overflow_octagram,
          david_lair_shrubbed
D:10:     orc_0_dummy, nemelex_xobeh_ov_fountains_minmay, uniq_erolcha
D:11:     uniq_erica
D:12:     wad_woods_stonehenge, hangedman_little_slice_of_home
Temple:   compressed_dpeg_circular_temple

Skill      XL: |  1  2  3  4  5  6  7  8  9 10 |
---------------+-------------------------------+-----
Fighting       | 2 3 4 5 |  5.2
Evocations     | 3 4 |  4.1
Maces & Flails | 1 2 3 4 5 |  5.3
Invocations    | 1 3 4 5 6 |  6.8
Axes           | 3 5 7 |  7.4
Armour         | 2 4 |  4.0
Dodging        | 3 4 |  4.5
Short Blades   | |  0.7
Stealth        | |  0.7

Action                   |  1- 3 |  4- 6 |  7- 9 | 10-12 || total
-------------------------+-------+-------+-------+-------++-------
Melee: Short sword       |    47 |    14 |       |       ||    61
       Flail             |       |    73 |    96 |       ||   169
       Halberd           |       |       |   126 |       ||   126
       Battleaxe         |       |       |   185 |    78 ||   263
Invok: Heroism           |       |       |    12 |     7 ||    19
       Finesse           |       |       |       |     1 ||     1
Evoke: Wand              |    20 |    15 |     8 |    26 ||    69
  Use: Scroll            |     3 |     6 |     8 |     6 ||    23
 Stab: Paralysed         |       |       |    25 |    18 ||    43
Armor: Scale mail        |     9 |    37 |   177 |       ||   223
       Ring mail         |     4 |       |       |       ||     4
       Plate armour      |       |       |    38 |    26 ||    64
       Acid dragon scale |       |       |       |    21 ||    21
Dodge: Dodged            |    29 |    51 |   209 |    60 ||   349
